 Dungeon Crawl Stone Soup version 0.19-a0-475-gfca3800 (webtiles) character file.

321 Kidiri the Magician (level 6, -3/32 HPs)
             Began as a Deep Elf Fire Elementalist on June 4, 2016.
             Killed by nerve-wracking pain
             ... invoked by an orc priest
              (14 damage)
             ... on level 4 of the Dungeon.
             The game lasted 00:19:45 (4288 turns).

Kidiri the Magician (Deep Elf Fire Elementalist)    Turns: 4288, Time: 00:19:45

Health: -3/32      AC:  3    Str:  5    XL:     6   Next: 22%
Magic:  4/16       EV: 13    Int: 22    God:
Gold:   150        SH:  0    Dex: 19    Spells: 5 memorised, 3 levels left

rFire  . . .     SeeInvis .     z - +2 short sword (venom)
rCold  . . .     Gourm    .     a - +0 robe
rNeg   . . .     Faith    .     (no shield)
rPois  .         Spirit   .     (no helmet)
rElec  .         Dismiss  .     l - +0 cloak
rCorr  .         Reflect  .     (no gloves)
SustAt .         Harm     .     (no boots)
MR     .....                    (no amulet)
Stlth  ++........               (no ring)
                                A - +4 ring of dexterity

@: very slightly contaminated, not resistant to hostile enchantments, unstealthy
A: no striking features
a: no special abilities


You were on level 4 of the Dungeon.
You were not hungry.

You visited 1 branch of the dungeon, and saw 4 of its levels.

You collected 150 gold pieces.

Inventory:

Hand Weapons
 k - a +0 dagger
 z - a +2 short sword of venom (weapon)
Armour
 a - a +0 robe (worn)
 f - a +0 leather armour
 l - a +0 cloak (worn)
Jewellery
 e - an uncursed ring of ice
 A - a +4 ring of dexterity (left hand)
Scrolls
 i - 3 scrolls of teleportation {unknown}
 m - a scroll of enchant weapon {unknown}
 n - a scroll of remove curse {unknown}
 o - a scroll of random uselessness {unknown}
 p - a scroll of blinking {unknown}
 q - 2 scrolls of fog {unknown}
 t - 2 scrolls of identify {unknown}
 v - a scroll of immolation {unknown}
 w - a scroll of amnesia {unknown}
 y - a scroll of magic mapping {unknown}
Potions
 d - a potion of cancellation {unknown}
 g - a potion of brilliance {unknown}
 h - a potion of haste {unknown}
 j - a potion of cure mutation {unknown}
 u - a potion of curing {unknown}
Books
 b - a book of Flames

   Spells                             Type                      Level
   a - Flame Tongue                   Conjuration/Fire             1
   b - Throw Flame                    Conjuration/Fire             2
   c - Conjure Flame                  Conjuration/Fire             3
   d - Inner Flame                    Hexes/Fire                   3
   e - Sticky Flame                   Conjuration/Fire             4
   f - Fireball                       Conjuration/Fire             5
Comestibles
 c - 3 bread rations
 r - 3 chunks of flesh
 s - 2 slices of pizza
 x - 2 meat rations


   Skills:
 + Level 0.1 Fighting
 + Level 0.2 Short Blades
 + Level 0.1 Armour
 + Level 2.5 Dodging
 - Level 2.4 Stealth
 * Level 5.8 Spellcasting
 * Level 3.7 Conjurations
 * Level 5.1 Fire Magic


You had 3 spell levels left.
You knew the following spells:

 Your Spells              Type           Power        Failure   Level  Hunger
a - Flame Tongue          Conj/Fire      ####.        1%          1    None
b - Throw Flame           Conj/Fire      ####..       2%          2    None
c - Conjure Flame         Conj/Fire      ####....     6%          3    ##.....
d - Inner Flame           Hex/Fire       ###.....     12%         3    ##.....
e - Sticky Flame          Conj/Fire      ####....     17%         4    ####...


Dungeon Overview and Level Annotations

Branches:
Dungeon (4/15)
 Temple: D:4-7

Altars:
The Shining One


Message History

The orc priest is lightly wounded.
The orc priest invokes the aid of Beogh against you.
You struggle to resist.
Casting: Flame Tongue
Confirm with . or Enter, or press ? or * to list all spells.
Aiming: Flame Tongue
Press: ? - help, Shift-Dir - straight line, f - orc, p - orc priest
Aim: an orc, wielding a flail and wearing a leather armour (severely wounded, inner flame)
The flame tongue hits the orc.
The orc is almost dead.
Casting: Flame Tongue
Confirm with . or Enter, or press ? or * to list all spells.
Aiming: Flame Tongue
Press: ? - help, Shift-Dir - straight line, f - orc priest
Aim: an orc priest, wielding a mace and wearing a scale mail (lightly wounded)
The flame tongue hits the orc priest.
The orc priest appears unharmed.
The orc priest is lightly wounded.
The orc priest mumbles some strange prayers to Beogh against you.
Pain shoots through your body!
You die...

#..## #.## . ... ...>#
...).o##################
!....o§@................
....####################
.


You could see an orc priest and an orc.

Vanquished Creatures
  Edmund (D:4)
  An orc priest (D:3)
  An iguana (D:4)
  Terence (D:1)
  A hound skeleton (D:4)
  2 adders
  2 oozes
  3 dart slugs
  3 giant geckos
  10 orcs
  A ball python (D:3)
  6 bats
  A giant cockroach (D:2)
  5 hobgoblins
  3 jackals (D:3)
  5 kobolds
  A quokka (D:4)
  A giant newt (D:2)
  5 goblins
  A quokka skeleton (D:4)
  3 rats
57 creatures vanquished.

Notes
Turn   | Place    | Note
--------------------------------------------------------------
     0 | D:1      | Kidiri the Deep Elf Fire Elementalist began the quest for the Orb.
     0 | D:1      | Reached XP level 1. HP: 10/10 MP: 6/6
   193 | D:1      | Reached XP level 2. HP: 15/15 MP: 4/8
   204 | D:1      | Learned a level 2 spell: Throw Flame
  1224 | D:2      | Noticed Terence
  1294 | D:1      | Killed Terence
  1294 | D:1      | Reached XP level 3. HP: 5/19 MP: 4/10
  1299 | D:1      | Learned a level 3 spell: Conjure Flame
  1303 | D:1      | Learned a level 3 spell: Inner Flame
  1973 | D:2      | Found a glowing golden altar of the Shining One.
  2218 | D:3      | Reached XP level 4. HP: 16/24 MP: 7/12
  3421 | D:4      | Reached skill level 5 in Spellcasting
  3433 | D:3      | Reached XP level 5. HP: 21/28 MP: 3/14
  3743 | D:3      | Learned a level 4 spell: Sticky Flame
  3828 | D:4      | Noticed Edmund
  3843 | D:4      | Killed Edmund
  3843 | D:4      | Reached skill level 5 in Fire Magic
  3843 | D:4      | Reached XP level 6. HP: 17/32 MP: 4/16
  4288 | D:4      | Killed from afar by an orc priest

Vault maps used:
D:1:      dpeg_arrival_erosion, kennysheep_another_room, st_stairs_8
D:2:      first_bread, serial_park_tiny_pond, grunt_ministairs_5, tso_altar,
          uniq_terence
D:4:      minmay_temple_entry_statues_pillars, uniq_menkaure, uniq_edmund,
          uniq_eustachio

Skill      XL: |  1  2  3  4  5 |
---------------+----------------+-----
Spellcasting   | 4 5 |  5.8
Conjurations   | 2 3 |  3.7
Fire Magic     | 4 5 |  5.1
Fighting       | |  0.1
Short Blades   | |  0.2
Armour         | |  0.1
Dodging        | |  2.5
Stealth        | |  2.4

Action                   |  1- 3 |  4- 6 || total
-------------------------+-------+-------++-------
Melee: Dagger            |     2 |     1 ||     3
       Short sword       |       |     3 ||     3
 Cast: Flame Tongue      |    35 |    54 ||    89
       Throw Flame       |    10 |    21 ||    31
       Sticky Flame      |       |     2 ||     2
       Conjure Flame     |       |     1 ||     1
       Inner Flame       |       |     1 ||     1
 Stab: Sleeping          |     2 |       ||     2
  Eat: Pizza             |     1 |       ||     1
       Chunk             |     2 |       ||     2
       Meat ration       |     1 |       ||     1
       Fruit             |       |     4 ||     4
Armor: Robe              |     1 |     3 ||     4
Dodge: Dodged            |     8 |    20 ||    28
